 Dungeon Crawl Stone Soup version 0.30-a0-341-g682706514a (webtiles) character file.

Game seed: 15331100859898481211

44954 Lobster4 the Destroyer (level 14, -1/95 HPs)
             Began as a Human Conjurer on Nov 3, 2022.
             Was a High Priest of Sif Muna.
             Slain by a death yak (7 damage)
             ... on level 5 of the Lair of Beasts on Nov 4, 2022.
             The game lasted 01:41:00 (26886 turns).

Lobster4 the Destroyer (Human Conjurer)            Turns: 26886, Time: 01:41:00

Health: -1/95      AC: 17    Str:  8    XL:     14   Next: 68%
Magic:  5/28       EV: 14    Int: 29    God:    Sif Muna [*****.]
Gold:   977        SH:  0    Dex: 12    Spells: 13/33 levels left

rFire   . . .      SeeInvis .    a - +11 flail "Wyubotix" {drain, *Rage Int+6}
rCold   + . .      Faith    .    (no shield)
rNeg    . . .      Spirit   .    W - +2 ring mail of Alialiob {rC+ Will+ Regen+}
rPois   +          Reflect  .    (no helmet)
rElec   .          Harm     .    u - +2 cloak {rCorr}
rCorr   +          Rampage  .    P - +1 pair of gloves {infuse}
Will    ++...      Rage     20%  l - +1 pair of boots
Stlth   +.........               (no amulet)
HPRegen 1.15/turn                o - ring of poison resistance
MPRegen 0.21/turn                L - +4 ring of evasion

@: no status effects
A: no striking features
a: Renounce Religion, Channel Magic, Forget Spell, Divine Exegesis


You were on level 5 of the Lair of Beasts.
You worshipped Sif Muna.
Sif Muna was extremely pleased with you.
You visited 3 branches of the dungeon, and saw 16 of its levels.
You also visited: Sewer and Bailey.

You collected 1280 gold pieces.
You spent 303 gold pieces at shops.

Inventory:

Hand Weapons
 a - the +11 flail "Wyubotix" (weapon) {drain, *Rage Int+6}
   (You found it on level 1 of the Lair of Beasts)

   A truly terrible weapon, it drains the life of any living foe it strikes.
   Int:       It affects your intelligence (+6).
   *Rage:     It berserks you when you make melee attacks (+20% chance).
 b - a +0 shortbow
 i - a +1 scimitar of flaming
 v - a +0 sling
 H - a +2 vorpal quarterstaff
 N - a +4 flail
Missiles
 d - 2 throwing nets
 f - 10 atropa-tipped darts
 t - 34 poisoned darts (quivered)
 S - 6 boomerangs of dispersal
Armour
 l - a +1 pair of boots (worn)
 q - a +1 pair of gloves
 u - a +2 cloak of preservation (worn)
 P - a +1 pair of gloves of infusion (worn)
 W - the +2 ring mail of Alialiob (worn) {rC+ Will+ Regen+}
   (You found it on level 1 of the Lair of Beasts)

   rC:        It protects you from cold.
   Regen:     It increases your rate of health regeneration.
   Will:      It increases your willpower.
Magical Staves
 A - a staff of cold
 E - a staff of earth
 V - a staff of poison
Jewellery
 o - a ring of poison resistance (left hand)
 I - a ring of willpower
 K - a ring of ice
 L - a +4 ring of evasion (right hand)
 R - a ring of magical power
 T - an amulet of faith
Wands
 e - a wand of mindburst (9)
 C - a wand of paralysis (15)
 M - a wand of digging (12)
 O - a wand of flame (39)
Scrolls
 c - 10 scrolls of enchant weapon
 j - a scroll of poison
 p - 6 scrolls of teleportation
 r - 2 scrolls of fear
 y - 5 scrolls of blinking
 z - 2 scrolls of silence
 F - 2 scrolls of amnesia
 G - 2 scrolls of brand weapon
 U - 2 scrolls of immolation
 Y - 4 scrolls of identify
Potions
 g - 4 potions of lignification
 h - a potion of ambrosia
 n - 4 potions of heal wounds
 s - 2 potions of might
 w - 2 potions of flight
 x - 5 potions of cancellation
 B - a potion of invisibility
 D - a potion of haste
 J - 4 potions of curing
 Q - 3 potions of magic
 X - 2 potions of resistance
 Z - 2 potions of brilliance


   Skills:
 - Level 4.0 Fighting
 - Level 4.6(5.0) Maces & Flails
 - Level 1.0(1.8) Polearms
 - Level 2.4(4.0) Staves
 - Level 1.0 Throwing
 - Level 10.0 Armour
 - Level 3.0 Dodging
 - Level 2.0 Stealth
 + Level 4.2 Shields
 + Level 10.1 Spellcasting
 + Level 11.5 Conjurations
 - Level 4.0 Hexes
 - Level 4.0 Summonings
 - Level 6.0 Translocations
 + Level 5.9 Ice Magic
 + Level 5.8 Air Magic
 + Level 0.2 Earth Magic
 + Level 7.1 Invocations
 - Level 5.0 Evocations


You had 13 spell levels left.
You knew the following spells:

 Your Spells              Type           Power      Damage    Failure   Level
a - Magic Dart            Conj           100%       1d8       1%          1
b - Searing Ray           Conj           100%       2d8       1%          2
c - Iskenderun's Mystic   Conj/Tloc      60%        2d13      2%          4
d - Dazzling Flash        Conj/Hex       100%       N/A       1%          3
e - Summon Small Mammal   Summ           100%       N/A       1%          1
f - Freezing Cloud        Conj/Ice/Air   28%        6-21      11%         5
g - Freeze                Ice            100%       1d10      1%          1
h - Stone Arrow           Conj/Erth      96%        3d13      2%          3

Your spell library contained the following spells:

 Spells                   Type           Power      Damage    Failure   Level
 Apportation              Tloc           98%        N/A       1%          1
 Momentum Strike          Conj/Tloc      100%       3d10      1%          2
 Gell's Gravitas          Tloc           49%        N/A       2%          3
 Portal Projectile        Hex/Tloc       86%        N/A       3%          3
 Fulminant Prism          Conj/Hex       28%        3d14      3%          4
 Call Canine Familiar     Summ           37%        N/A       5%          3
 Summon Guardian Golem    Hex/Summ       37%        N/A       5%          3
 Tukima's Dance           Hex            37%        N/A       5%          3
 Passage of Golubria      Tloc           49%        N/A       8%          4
 Sandblast                Erth           30%        2d9       9%          1
 Irradiate                Conj/Tmut      24%        3d19      24%         5
 Ignite Poison            Fire/Tmut/Pois 14%        N/A       26%         3
 Leda's Liquefaction      Hex/Erth       13%        N/A       36%         4
 Yara's Violent Unravell  Hex/Tmut       13%        3d7       73%         5
 Eringya's Noxious Bog    Tmut/Pois      7%         N/A       100%        6
 Malign Gateway           Summ/Tloc      21%        N/A       100%        7
 Shatter                  Erth           7%         3d10*     100%        9


Dungeon Overview and Level Annotations

Branches:
Dungeon (10/15)            Temple (1/1) D:4            Lair (5/5) D:8
 Shoals (0/4) Lair:2        Snake (0/4) Lair:3        Slime (0/5) Lair:4
    Orc (0/2) D:10          Sewer (visited)          Bailey (visited)

Altars:
Ashenzari
Cheibriados
Dithmenos
Elyvilon
Fedhas
Gozag
Hepliaklqana
Kikubaaqudgha
Makhleb
Nemelex Xobeh
Okawaru
Qazlal
Ru
Sif Muna
Trog
Uskayaw
Vehumet
Wu Jian
Yredelemnul
Zin
The Shining One

Shops:
D:8 [   D:9 *([

Annotations:
D:5 2 runed translucent doors, Darkkill's ghost, novice MiHu
D:7 exclusion: bullfrog, Maggie
Lair:3 1 runed translucent door, 2 transporters, Coawycapt's ghost, journeyman NaVM


Message History

You erupt in a blast of force!
The mystic blast hits the death yak!
The death yak is moderately wounded.
The mystic blast hits the death yak!
The death yak is lightly wounded.
The death yak is knocked back by the mystic blast.
The mystic blast hits the death yak!
The death yak is moderately wounded.
The death yak is knocked back by the mystic blast.
The mystic blast hits the death yak!
The death yak is heavily wounded.
The death yak is knocked back by the mystic blast.
The death yak collides with the death yak!
The death yak is heavily wounded.
The death yak gores you!
Unknown command.
The death yak attacks as you move away!
The death yak gores you but does no damage.
The death yak attacks as you move away! The death yak gores you!
The death yak attacks as you move away! The death yak gores you.
The death yak attacks as you move away! The death yak closely misses you.
You barely miss the death yak.
The death yak is heavily wounded.
The death yak closely misses you.
You hit the death yak. You drain the death yak.
The death yak is heavily wounded.
The death yak gores you!
You thump the death yak!
The death yak is heavily wounded.
The death yak closely misses you. The death yak gores you.
You sock the death yak!
The death yak is heavily wounded.
The death yak gores you!
* * * LOW HITPOINT WARNING * * *
You hit the death yak. You drain the death yak.
You punch the death yak, but do no damage.
The death yak is severely wounded.
The death yak gores you!!
* * * LOW HITPOINT WARNING * * *
The death yak gores you!
You die...

#.#.....†......#
..............<##
...............##
...............P##
#....P...........#
#.....#..........#
................#
......P........##
............YY@#
...........YY##
#...........Y##
..............#
#..........).##
###...........#
##.[.^.....##
#..........#
##.........#


You could see 4 death yaks and a yak.

Vanquished Creatures
  9 hydras
  A boulder beetle (Lair:2)
  A catoblepas (Lair:5)
  A centaur warrior (D:10)
  3 two-headed ogres
  5 death yaks (Lair:5)
  An orc knight (Bailey)
  3 black mambas
  27 elephants
  9 cane toads
  7 komodo dragons
  An unseen horror (D:9)
  4 rime drakes
  An efreet (D:10)
  2 trolls
  2 polar bears (Lair:4)
  2 meliai (Lair:5)
  A hornet (D:10)
  5 blink frogs (Lair:5)
  4 wyverns
  17 yaks
  7 basilisks
  3 vampire mosquitoes (D:10)
  3 steam dragons
  18 water moccasins
  Duvessa (D:7)
  5 ice beasts
  7 black bears
  12 orc warriors
  6 wolves
  5 boggarts
  3 ogres
  A phantom (D:6)
  5 centaurs
  A kobold brigand (D:9)
  8 bullfrogs
  2 necrophages
  3 gnoll sergeants
  4 scorpions
  5 wights (D:9)
  10 killer bees (Lair:5)
  Dowan (D:7)
  3 howler monkeys (D:8)
  5 jellies
  2 orc priests
  4 hounds
  3 iguanas
  12 orc wizards
  21 gnolls
  5 river rats
  16 adders
  A shadow imp (D:6)
  2 worms
  A dart slug (D:3)
  63 orcs
  19 ball pythons
  5 bats
  An endoplasm (D:2)
  3 giant cockroaches (D:1)
  10 hobgoblins
  3 jackals (D:1)
  51 kobolds
  5 quokkas
  9 frilled lizards
  16 goblins
  29 rats
505 creatures vanquished.

Vanquished Creatures (collateral kills)
  Joseph (D:8)
  Psyche (D:9)
  A gnoll (D:9)
  An adder (D:3)
4 creatures vanquished.

Vanquished Creatures (others)
  31 fungi
  73 plants
  7 toadstools (Lair:3)
111 creatures vanquished.

Grand Total: 620 creatures vanquished

Notes
Turn   | Place    | Note
-------+----------+-------------------------------------------
     0 | D:1      | Lobster4 the Human Conjurer began the quest for the Orb.
     0 | D:1      | Reached XP level 1. HP: 13/13 MP: 3/3
   196 | D:1      | Reached XP level 2. HP: 20/20 MP: 3/5
   199 | D:1      | Learned a level 2 spell: Searing Ray
   398 | D:1      | You fall into a shaft and drop 1 floor!
   534 | D:2      | Reached XP level 3. HP: 25/25 MP: 1/6
   967 | D:1      | Reached skill level 1 in Fighting
   967 | D:1      | Reached skill level 1 in Armour
  1485 | D:1      | Reached XP level 4. HP: 32/32 MP: 5/7
  1951 | D:3      | Found a glowing drain.
  2016 | Sewer    | Entered a sewer
  2087 | Sewer    | Reached XP level 5. HP: 15/37 MP: 1/8
  2914 | Sewer    | Reached XP level 6. HP: 36/44 MP: 1/10
  3115 | Sewer    | HP: 3/69 [adder (3)]
  3119 | Sewer    | Reached skill level 5 in Conjurations
  3126 | Sewer    | Reached XP level 7. HP: 16/51 MP: 3/12
  3307 | D:3      | Learned a level 4 spell: Iskenderun's Mystic Blast
  4157 | D:3      | Found a faded altar of an unknown god.
  4491 | D:4      | Found a staircase to the Ecumenical Temple.
  4496 | Temple   | Entered the Ecumenical Temple
  4650 | Temple   | Became a worshipper of Sif Muna the Loreminder
  5051 | D:4      | Reached skill level 1 in Throwing
  5109 | D:4      | Reached skill level 1 in Translocations
  5109 | D:4      | Reached skill level 1 in Invocations
  6291 | D:4      | Reached XP level 8. HP: 58/58 MP: 10/13
  6343 | D:4      | Reached * piety under Sif Muna
  6936 | D:4      | Reached ** piety under Sif Muna
  7257 | D:5      | Entered Level 5 of the Dungeon
  7257 | D:5      | Found a sparkling altar of Nemelex Xobeh.
  7279 | D:5      | Reached skill level 1 in Polearms
  7410 | D:5      | Reached skill level 1 in Maces & Flails
  7610 | D:5      | Found a runed translucent door.
  7611 | D:5      | Noticed Darkkill's ghost (novice MiHu)
  8025 | D:5      | Reached skill level 6 in Conjurations
  8253 | D:5      | Reached XP level 9. HP: 63/63 MP: 4/16
  8988 | D:5      | Found a runed translucent door.
  9205 | D:6      | Reached *** piety under Sif Muna
  9310 | D:6      | Found a hazy altar of Hepliaklqana.
  9321 | D:6      | Reached skill level 5 in Spellcasting
  9458 | D:6      | Reached skill level 5 in Armour
  9458 | D:6      | Reached skill level 1 in Evocations
  9625 | D:6      | Found an iron altar of Okawaru.
  9933 | D:6      | Found an opulent altar of Gozag.
 10044 | D:6      | Found a burning altar of Makhleb.
 10197 | D:6      | Found a basalt altar of Yredelemnul.
 10547 | D:7      | Reached skill level 7 in Conjurations
 10690 | D:7      | Noticed Duvessa
 10699 | D:7      | Noticed Dowan
 10733 | D:7      | Killed Duvessa
 10735 | D:7      | Killed Dowan
 10761 | D:7      | Found a flagged portal.
 10771 | Bailey   | Entered a bailey
 10865 | Bailey   | Reached XP level 10. HP: 70/70 MP: 7/18
 11223 | Bailey   | Learned a level 3 spell: Dazzling Flash
 11246 | Bailey   | Reached **** piety under Sif Muna
 11852 | Bailey   | Noticed an orc knight
 11885 | Bailey   | Killed an orc knight
 11886 | Bailey   | Reached skill level 8 in Conjurations
 12272 | D:7      | Noticed Maggie
 12729 | D:8      | Reached skill level 1 in Hexes
 13523 | D:8      | Found a staircase to the Lair.
 13669 | D:8      | Reached XP level 11. HP: 75/75 MP: 15/21
 13709 | D:8      | Found a radiant altar of Vehumet.
 14145 | D:8      | Noticed Joseph
 14200 | D:8      | Killed Joseph
 14239 | D:8      | Paralysed by an orc for 5 turns
 14383 | D:8      | Found Buoraawk's Armour Shoppe.
 14395 | D:8      | Bought a +0 ring mail of willpower for 154 gold pieces
 14503 | D:8      | Learned a level 1 spell: Summon Small Mammal
 14567 | D:9      | Noticed Psyche
 14629 | D:9      | Killed Psyche
 14630 | D:9      | Reached skill level 9 in Conjurations
 14691 | D:9      | Noticed a two-headed ogre
 14745 | D:9      | Killed a two-headed ogre
 14746 | D:9      | Reached skill level 1 in Staves
 14746 | D:9      | Reached skill level 1 in Summonings
 14816 | D:9      | Found Vimok's Assorted Antiques.
 14836 | D:9      | Found an ancient bone altar of Kikubaaqudgha.
 15085 | D:9      | Found Woaduse's Antique Armour Emporium.
 15279 | D:9      | Found Laisonoi's Antique Weapon Shoppe.
 15668 | D:9      | Noticed a two-headed ogre
 15724 | D:9      | Killed a two-headed ogre
 15895 | D:9      | Bought a pair of boots for 126 gold pieces
 15913 | D:10     | Entered Level 10 of the Dungeon
 15913 | D:10     | Noticed a two-headed ogre
 16045 | D:10     | Reached ***** piety under Sif Muna
 16197 | D:10     | Killed a two-headed ogre
 16198 | D:10     | Reached skill level 5 in Invocations
 16425 | D:10     | Noticed a manticore
 16486 | D:9      | Bought a brown potion for 23 gold pieces
 17102 | D:10     | Received a gift from Sif Muna
 17105 | D:10     | Got Loiz's Papyrus of the Chilled Wayfarer {god gift}
 17314 | D:10     | Found a staircase to the Orcish Mines.
 17345 | D:10     | Noticed a centaur warrior
 17346 | D:10     | Noticed a red ugly thing
 17406 | D:10     | Killed a centaur warrior
 17407 | D:10     | Reached skill level 1 in Ice Magic
 17407 | D:10     | Reached XP level 12. HP: 29/81 MP: 7/24
 17832 | Lair:1   | Entered Level 1 of the Lair of Beasts
 17839 | Lair:1   | Reached skill level 5 in Evocations
 18248 | Lair:1   | Reached skill level 5 in Translocations
 18439 | Lair:1   | Learned a level 5 spell: Freezing Cloud
 18521 | Lair:1   | Identified the +2 ring mail of Alialiob {rC+ Will+ Regen+}
 18611 | Lair:1   | Identified the +11 flail "Wyubotix" {drain, *Rage Int+6}
 19035 | Lair:2   | Reached skill level 1 in Air Magic
 19051 | Lair:2   | Found a staircase to the Shoals.
 19205 | Lair:2   | Noticed a boulder beetle
 19223 | Lair:2   | Killed a boulder beetle
 19224 | Lair:2   | Reached skill level 10 in Conjurations
 20113 | Lair:3   | Noticed Coawycapt's ghost (journeyman NaVM)
 20185 | Lair:3   | Noticed a dire elephant
 20205 | Lair:3   | Found a runed translucent door.
 20232 | Lair:3   | Noticed a five-headed hydra
 20242 | Lair:3   | Noticed a five-headed hydra
 20251 | Lair:3   | Killed a five-headed hydra
 20252 | Lair:3   | Reached XP level 13. HP: 56/88 MP: 13/25
 20258 | Lair:3   | Killed a five-headed hydra
 20561 | Lair:3   | Found a staircase to the Snake Pit.
 20758 | Lair:3   | Found a transporter.
 20836 | Lair:3   | Found a transporter.
 21683 | Lair:4   | Found a staircase to the Slime Pits.
 21704 | Lair:4   | Noticed an eight-headed hydra
 21892 | Lair:4   | Killed an eight-headed hydra
 22562 | Lair:4   | Noticed a six-headed hydra
 22574 | Lair:4   | Killed a six-headed hydra
 23161 | Lair:4   | Reached skill level 1 in Shields
 23442 | Lair:5   | Entered Level 5 of the Lair of Beasts
 23505 | Lair:5   | Noticed a five-headed hydra
 23548 | Lair:5   | Killed a five-headed hydra
 23911 | Lair:5   | Noticed a five-headed hydra
 23919 | Lair:5   | Killed a five-headed hydra
 24011 | Lair:5   | Reached skill level 11 in Conjurations
 24011 | Lair:5   | Reached XP level 14. HP: 95/95 MP: 5/27
 24118 | Lair:5   | Learned a level 1 spell: Freeze
 24500 | Lair:5   | Reached skill level 5 in Air Magic
 24509 | Lair:5   | Reached skill level 5 in Ice Magic
 25739 | Lair:5   | Reached skill level 10 in Spellcasting
 25940 | Lair:5   | Reached skill level 10 in Armour
 26590 | Lair:5   | Received a gift from Sif Muna
 26593 | Lair:5   | Got Sif Muna's Book of Forms and the Mountains {god gift}
 26609 | Lair:5   | Learned a level 3 spell: Stone Arrow
 26886 | Lair:5   | Slain by a death yak

Illustrated notes

Levels and vault maps discovered:
D:1:      reono_arrival_mine, layout_basic, minmay_octomino_j4
D:2:      layout_basic, chequers_serial_rivers_micro_c,
          minmay_misc_feat_encased, kennysheep_generic_room_13
D:3:      layout_basic, dreamdust_ecumenical_altar_angels_and_demons,
          cheibrodos_sewer_entry_sluice
D:4:      minmay_goblin_kobold_castle, layout_layer_cave, temple_fountains,
          nicolae_kite_square_tiling_tiny
D:5:      layout_basic, nemelex_xobeh_ov_fountains_minmay,
          ebering_ghost_sewer_f, hangedman_abyss_or_decor_slice
D:6:      layout_basic, amcnicky_altar_gilded, nicolae_overflow_hidden_temple,
          lightli_temple_of_fire, mainiacjoe_overflow_brackets,
          mainiacjoe_overflow_surrounded_room
D:7:      lemuel_ice_spiral_2, layout_rooms, enter_bailey_5, uniq_duvessa,
          uniq_maggie
D:8:      layout_basic, nicolae_vehumet_altar_sigil, minmay_lair_entry_grove,
          serial_shops, shop, uniq_joseph
D:9:      layout_roguey, mainiacjoe_overflow_six_doors_small, serial_shops,
          shop, shop, nicolae_shop_hallway_plus, uniq_psyche
D:10:     minmay_the_grid_plus_closed [minmay_the_grid_diamond_grid,
          minmay_the_grid_slots, minmay_the_grid_large_cup,
          minmay_the_grid_medium_cups,
          minmay_the_grid_prize_four_corners_diamond_a], layout_gridville,
          dk_xom_monty_hall, orc_0_dummy, serial_shops,
          nicolae_shop_hallway_plus, minmay_misc_feat_hallway, uniq_fannar
Temple:   hellmonk_temple_forest_ring
Lair:1:   layout_hall_layers
Lair:2:   layout_roguey, elwin_shoals_entry_rocks, enter_volcano_2,
          grunt_megastairs_1
Lair:3:   gammafunk_lair_enchanted_lake, layout_cellular_growth,
          guppyfry_snake_entry_garden, nzn_ghost_randoct
Lair:4:   layout_regular_city, slime_entry_1
Lair:5:   hangedman_lair_in_review, layout_gridlike, special_room
          [special_room_bee], kilobyte_rumbling_trees, serial_bayou_shore_b

Skill      XL: |  1  2  3  4  5  6  7  8  9 10 11 12 13 14 |
---------------+-------------------------------------------+-----
Fighting       | 1 2 3 4 |  4.0
Armour         | 1 2 3 4 5 6 7 8 9 10 | 10.0
Dodging        | 3 |  3.0
Spellcasting   | 3 4 5 7 8 9 10 | 10.1
Conjurations   | 5 6 7 8 9 10 11 | 11.5
Throwing       | 1 |  1.0
Translocations | 1 3 4 5 6 |  6.0
Invocations    | 1 3 5 6 7 |  7.1
Polearms       | 1 |  1.0
Maces & Flails | 1 2 3 4 |  4.6
Evocations     | 2 4 5 |  5.0
Hexes          | 2 4 |  4.0
Staves         | 2 |  2.4
Summonings     | 3 4 |  4.0
Ice Magic      | 1 3 4 5 |  5.9
Air Magic      | 2 4 5 |  5.8
Shields        | 2 4 |  4.2
Stealth        | |  2.0
Earth Magic    | |  0.2

Action                   |  1- 3 |  4- 6 |  7- 9 | 10-12 | 13-15 || total
-------------------------+-------+-------+-------+-------+-------++-------
Melee: Whip              |     3 |       |    19 |       |       ||    22
       Spear             |       |    44 |    14 |       |       ||    58
       Long sword        |       |       |     1 |       |       ||     1
       Quarterstaff      |       |       |       |    34 |       ||    34
       Flail             |       |       |       |    47 |   205 ||   252
       Punch             |       |       |       |       |     3 ||     3
Throw: Dart              |       |     6 |    16 |    84 |    30 ||   136
       Throwing net      |       |       |     1 |     2 |       ||     3
 Cast: Magic Dart        |    57 |    78 |   176 |   103 |    68 ||   482
       Searing Ray       |     3 |    14 |    69 |   155 |   135 ||   376
       Iskenderun's Myst |       |       |       |    15 |    34 ||    49
       Summon Small Mamm |       |       |       |     2 |     8 ||    10
       Freeze            |       |       |       |       |     3 ||     3
Evoke: Wand              |       |       |     3 |    13 |     2 ||    18
  Use: Scroll            |     3 |     4 |    21 |    15 |     2 ||    45
       Potion            |       |     4 |     1 |     3 |     1 ||     9
 Stab: Paralysed         |       |       |    17 |       |       ||    17
Armor: Robe              |     1 |     8 |    20 |     1 |       ||    30
       Skin              |       |    48 |    26 |       |    12 ||    86
       Ring mail         |       |       |       |   207 |   252 ||   459
Dodge: Dodged            |    16 |    51 |    47 |   310 |   334 ||   758

Table legend: (Time is in decaauts)
 A = Elapsed time spent in this place.
 B = Non-inter-level travel time spent in this place.
 C = Inter-level travel time spent in this place.
 D = Time resting spent in this place.
 E = Time spent auto-exploring this place.
 F = Levels seen in this place.
 G = Mean time per level.
                   A        B        C        D        E       F      G
               +--------+--------+--------+--------+--------+-----+--------+
         Total |  27208 |  25847 |   1361 |   9163 |  10783 |  18 | 1511.6 |
       Dungeon |  14964 |  14118 |    846 |   4318 |   6921 |  10 | 1496.4 |
        Temple |    172 |    155 |     17 |      0 |    124 |   1 |  172.0 |
          Lair |   9290 |   8792 |    498 |   3100 |   3440 |   5 | 1858.0 |
         Sewer |   1361 |   1361 |      0 |    840 |    233 |   1 | 1361.0 |
        Bailey |   1419 |   1419 |      0 |    904 |     64 |   1 | 1419.0 |
               +--------+--------+--------+--------+--------+-----+--------+

Top non-repeatable levels by time:
  Lair:5: 2675 daAuts
  Lair:4: 2574 daAuts
     D:4: 2525 daAuts
     D:9: 1988 daAuts
     D:5: 1786 daAuts
  Lair:3: 1721 daAuts
     D:8: 1675 daAuts
     D:3: 1543 daAuts
  Bailey: 1419 daAuts
   Sewer: 1361 daAuts
    D:10: 1270 daAuts
     D:6: 1259 daAuts
  Lair:1: 1207 daAuts
  Lair:2: 1111 daAuts
     D:7: 1070 daAuts
